 Dungeon Crawl Stone Soup version 0.28.0-55-gcd9437bce4 (webtiles) character file.

Game seed: 9502658845175132507

96 tkbsonic5 the Chopper (level 4, -6/41 HPs)
             Began as a Minotaur Berserker on Dec 15, 2022.
             Was a Believer of Trog.
             Killed by divine providence
             ... invoked by an orc priest
              (14 damage)
             ... on level 4 of the Dungeon.
             The game lasted 00:07:28 (3205 turns).

tkbsonic5 the Chopper (Minotaur Berserker)          Turns: 3205, Time: 00:07:31

Health: -6/41      AC:  7    Str: 22 (23) XL:     4   Next: 41%
Magic:  3/3        EV: 10    Int:  6      God:    Trog [**....]
Gold:   86         SH:  0    Dex:  9 (10) Spells: 3/3 levels left

rFire   . . .      SeeInvis .   a - +0 hand axe
rCold   . . .      Faith    .   (no shield)
rNeg    . . .      Spirit   .   i - +0 scale mail
rPois   .          Reflect  .   (helmet restricted)
rElec   .          Harm     .   (no cloak)
rCorr   .          Rampage  .   (no gloves)
Will    .....                   (no boots)
Stlth   ..........              (no amulet)
HPRegen 0.13/turn               (no ring)
MPRegen 0.08/turn               (no ring)

@: no status effects
A: horns 2, retaliatory headbutt, clever 1, evolution 1
a: Renounce Religion, Berserk, Trog's Hand


You were on level 4 of the Dungeon.
You worshipped Trog.
Trog was pleased with you.
You visited 1 branch of the dungeon, and saw 4 of its levels.

You collected 86 gold pieces.

Inventory:

Hand Weapons
 a - a +0 hand axe (weapon)
Missiles
 e - 2 poisoned darts (quivered)
Armour
 b - a +0 animal skin
 i - a +0 scale mail (worn)
Jewellery
 f - a ring of ice
Scrolls
 c - a scroll of teleportation {unknown}
 d - a scroll of acquirement {unknown}
 g - a scroll of fear {unknown}
 h - 2 scrolls of immolation {unknown}
 j - a scroll of enchant weapon {unknown}
Potions
 k - a potion of magic {unknown}


   Skills:
 * Level 4.5 Fighting
 * Level 4.5 Axes
 * Level 3.7 Armour
 + Level 2.8 Dodging


You had 3 spell levels left.
You didn't know any spells.
Your spell library was empty.

Dungeon Overview and Level Annotations

Branches:
Dungeon (4/15)
 Temple: D:4-7

Altars:
Dithmenos
Xom
Yredelemnul

Shops:
D:3 (


Innate Abilities, Weirdness & Mutations

You have a pair of horns on your head.
You reflexively headbutt those who attack you in melee.
Your mind is acute. (Int +2)
You have hidden genetic potential.


Message History

There are monsters nearby!
You aren't carrying any items that you can evoke.
It was a potion of mutation.
You feel extremely strange.
You feel a hidden potential growing inside you.
You feel clever.
A goblin comes into view. It is wielding a +0 dagger.
You hit the hobgoblin but do no damage. The hobgoblin hits you.
The endoplasm barely misses you. You furiously retaliate!
You headbutt the endoplasm!
You kill the endoplasm!
Trog accepts your kill.
A goblin comes into view. It is wielding a +0 dagger.
You closely miss the goblin. Your headbutt misses the goblin.
You hit the hobgoblin but do no damage. The goblin hits you but does no damage.
The hobgoblin closely misses you. You furiously retaliate!
You headbutt the hobgoblin!
You kill the hobgoblin!
Trog accepts your kill.
You closely miss the iguana. You hit the goblin.
You kill the goblin!
Trog accepts your kill.
The iguana bites you but does no damage.
You hit the orc priest. Your headbutt misses the orc priest.
The orc priest is lightly wounded.
You hit the iguana but do no damage. You hit the orc. The iguana bites you!
An adder comes into view.
The adder hisses angrily.
You hit the orc priest but do no damage.
The orc priest is lightly wounded.
You barely miss the orc. You completely miss the iguana.
The iguana bites you but does no damage.
The orc priest mumbles some strange prayers to Beogh against you.
Beogh smites you! The iguana bites you!
* * * LOW HITPOINT WARNING * * *
The orc hits you with a +0 short sword.
* * * LOW HITPOINT WARNING * * *
The orc priest mumbles some strange prayers to Beogh against you.
Beogh smites you!
You die...

.#......
.......## ##
#...S.... ...
........# ....
#.......# .....
#og...#..
......#oo......
.......@l#
#..#..##)......
.... #.#.###
##.# ..... #
#.. . ...# ...
##


You could see an iguana, an orc priest, an adder, 2 orcs and a goblin.

Vanquished Creatures
  A hound (D:3)
  2 worms (D:3)
  5 bats
  5 endoplasms
  3 giant cockroaches
  6 goblins
  7 hobgoblins
  A quokka (D:3)
  2 ball pythons
  15 frilled lizards
  9 kobolds
  3 rats
59 creatures vanquished.

Notes
Turn   | Place    | Note
-------+----------+-------------------------------------------
     0 | D:1      | tkbsonic5 the Minotaur Berserker began the quest for the
                  | Orb.
     0 | D:1      | Reached XP level 1. HP: 19/19 MP: 0/0
   212 | D:1      | Reached XP level 2. HP: 24/27 MP: 1/1
   479 | D:1      | Found a faded altar of an unknown god.
  1368 | D:2      | Reached ** piety under Trog
  1369 | D:2      | Reached XP level 3. HP: 30/33 MP: 2/2
  1828 | D:3      | Reached XP level 4. HP: 19/41 MP: 3/3
  2889 | D:3      | Found Mivvitso's Antique Weapon Boutique.
  3106 | D:3      | Found a shimmering altar of Xom.
  3109 | D:3      | Found a sacrificial altar of Ru.
  3109 | D:3      | Found a basalt altar of Yredelemnul.
  3111 | D:3      | Found a shimmering altar of Xom.
  3111 | D:3      | Found a shadowy altar of Dithmenos.
  3111 | D:3      | Found a basalt altar of Yredelemnul.
  3198 | D:4      | Gained mutation: You have hidden genetic potential. [potion
                  | of mutation]
  3198 | D:4      | Gained mutation: Your mind is acute. (Int +2) [potion of
                  | mutation]
  3205 | D:4      | Killed from afar by an orc priest

Illustrated notes

Levels and vault maps discovered:
D:1:      amcnicky_arrival_gap_in_the_tavern_cellar, layout_basic,
          chequers_ecumenical_altar_island, chequers_jeans, interstate_on_off
D:2:      layout_rooms, hex_medium, minmay_lizard_pond
D:3:      layout_basic, doesnt_xom_only_xom, serial_shops, shop
D:4:      layout_basic, nicolae_overflow_hallway_of_the_gods

Skill      XL: |  1  2 |
---------------+-------+-----
Fighting       | 4 |  4.5
Axes           | 4 |  4.5
Armour         | 3 |  3.7
Dodging        | |  2.8

Action                   |  1- 3 |  4- 6 || total
-------------------------+-------+-------++-------
Melee: Hand axe          |    91 |    38 ||   129
       Headbutt          |    12 |     7 ||    19
       Punch             |       |     1 ||     1
Throw: Dart              |       |     2 ||     2
Invok: Berserk           |       |     2 ||     2
  Use: Potion            |     2 |     1 ||     3
       Scroll            |     3 |       ||     3
 Stab: Sleeping          |     1 |       ||     1
Armor: Animal skin       |    17 |     4 ||    21
       Scale mail        |       |     4 ||     4
Dodge: Dodged            |    50 |    16 ||    66
